[ AOE2 MATCH · #483091187 ]
UnrankedMagyars vs Vietnamese
[ REPLAY ANALYSIS · EXTRACTED FROM THE RECORDED GAME ]
Feudal
9:55
Castle
—
Imperial
—
| APM avg | 43.6 |
| APM peak | 73 |
| eAPM avg | 14.4 |
| Villagers / military | 30 / 6 |
Focus
⚔️ 9.4% · 🌾 90.6%
Scout Cavalry ×6
Feudal
11:15
Castle
—
Imperial
—
| APM avg | 26.8 |
| APM peak | 58 |
| eAPM avg | 10.5 |
| Villagers / military | 30 / 7 |
Focus
⚔️ 12.1% · 🌾 87.9%
Archer ×7
Feudal
9:54
Castle
—
Imperial
—
| APM avg | 21.5 |
| APM peak | 50 |
| eAPM avg | 9.2 |
| Villagers / military | 31 / 6 |
Focus
⚔️ 10.7% · 🌾 89.3%
Militia ×4 · Spearman ×2
Feudal
11:56
Castle
—
Imperial
—
| APM avg | 15.9 |
| APM peak | 33 |
| eAPM avg | 8.2 |
| Villagers / military | 23 / 5 |
Focus
⚔️ 26.8% · 🌾 73.2%
Archer ×3 · Spearman ×2
Match map
Initial resources + every placement click. Lines = walls · curves = elevation contours. ◆ gold · ⬟ stone · ● berries · ✦ relic · ◌ wall gap
Your base· Open — 2t gap
Deano's base· Open — unwalled flank
Fotzi der Klumpen's base· Open — unwalled flank
Ma-GwaH's base· Open — unwalled flank
Smoothed initial terrain · ◌ = detected wall gap · hover for details
Inputs per minute
— Stepanek90 - - Deano
Build order — Stepanek90
79 actions detected in the replay
| 0:00 | Create | Villager (Male) |
| 0:00 | Create | Villager (Male) |
| 0:01 | Create | Villager (Male) |
| 0:02 | Build | House |
| 0:04 | Build | House |
| 0:16 | Create | Villager (Male) |
| 1:24 | Create | Villager (Male) |
| 1:44 | Research | Loom |
| 2:15 | Create | Villager (Male) |
| 2:15 | Create | Villager (Male) |
| 2:25 | Create | Villager (Male) |
| 2:25 | Create | Villager (Male) |
| 2:47 | Create | Villager (Male) |
| 3:43 | Create | Villager (Male) |
| 4:15 | Build | House |
| 4:25 | Create | Villager (Male) |
| 4:25 | Create | Villager (Male) |
| 4:27 | Create | Villager (Male) |
| 4:28 | Create | Villager (Male) |
| 4:40 | Build | House |
| 4:45 | Create | Villager (Male) |
| 5:51 | Build | Mill |
| 6:04 | Create | Villager (Male) |
| 6:35 | Build | Lumber Camp |
| 6:42 | Create | Villager (Male) |
| 7:08 | Create | Villager (Male) |
| 7:40 | Research | Feudal Age |
| 8:10 | Create | Villager (Male) |
| 8:16 | Build | House |
| 8:41 | Build | House |
| 8:53 | Build | Palisade Wall |
| 9:00 | Build | Palisade Wall |
| 9:08 | Build | Palisade Wall |
| 9:13 | Build | Palisade Wall |
| 9:39 | Build | Palisade Gate |
| 9:49 | Build | Palisade Wall |
| 9:52 | Create | Villager (Male) |
| 9:55 | Age | Feudal Age |
| 10:21 | Create | Villager (Male) |
| 10:21 | Create | Villager (Male) |
| 10:30 | Build | Barracks |
| 10:32 | Build | House |
| 10:40 | Create | Villager (Male) |
| 11:06 | Build | House |
| 11:13 | Build | Palisade Gate |
| 11:15 | Build | Palisade Wall |
| 11:16 | Build | Palisade Wall |
| 11:18 | Create | Villager (Male) |
| 12:00 | Build | Stable |
| 12:23 | Create | Villager (Male) |
| 12:25 | Build | Lumber Camp |
| 12:39 | Build | Farm |
| 13:01 | Build | Farm |
| 13:19 | Build | Farm |
| 13:21 | Create | Scout Cavalry |
| 13:22 | Create | Scout Cavalry |
| 13:55 | Create | Scout Cavalry |
| 13:58 | Create | Villager (Male) |
| 13:59 | Create | Villager (Male) |
| 14:07 | Build | Farm |
| 14:10 | Build | Farm |
| 14:12 | Create | Scout Cavalry |
| 14:21 | Build | Farm |
| 14:23 | Build | Farm |
| 14:33 | Build | Blacksmith |
| 14:38 | Build | Mining Camp |
| 14:42 | Build | Farm |
| 14:42 | Build | Farm |
| 14:42 | Build | Farm |
| 14:43 | Build | Farm |
| 14:43 | Build | Farm |
| 14:44 | Build | Farm |
| 14:45 | Create | Villager (Male) |
| 14:46 | Create | Villager (Male) |
| 14:48 | Create | Scout Cavalry |
| 14:48 | Create | Scout Cavalry |
| 15:21 | Build | House |
| 15:23 | Build | Farm |
| 15:32 | Research | Scale Barding Armor |
Build order — Deano
77 actions detected in the replay
| 0:07 | Create | Villager (Male) |
| 0:07 | Create | Villager (Male) |
| 0:07 | Create | Villager (Male) |
| 0:07 | Create | Villager (Male) |
| 0:09 | Build | House |
| 0:10 | Build | House |
| 1:39 | Create | Villager (Male) |
| 1:50 | Build | Lumber Camp |
| 2:12 | Create | Villager (Male) |
| 2:28 | Create | Villager (Male) |
| 3:03 | Create | Villager (Male) |
| 3:10 | Build | House |
| 3:16 | Create | Villager (Male) |
| 3:44 | Create | Villager (Male) |
| 3:57 | Build | House |
| 4:34 | Create | Villager (Male) |
| 4:39 | Build | Mill |
| 5:13 | Create | Villager (Male) |
| 5:26 | Create | Villager (Male) |
| 5:28 | Create | Villager (Male) |
| 5:56 | Build | House |
| 6:01 | Create | Villager (Male) |
| 6:22 | Build | Lumber Camp |
| 6:30 | Create | Villager (Male) |
| 6:44 | Build | House |
| 7:06 | Create | Villager (Male) |
| 7:16 | Build | House |
| 7:38 | Create | Villager (Male) |
| 7:45 | Build | House |
| 8:04 | Create | Villager (Male) |
| 8:09 | Research | Loom |
| 8:49 | Build | House |
| 8:55 | Build | Barracks |
| 9:05 | Research | Feudal Age |
| 9:24 | Build | House |
| 9:45 | Build | Palisade Wall |
| 10:00 | Create | Villager (Male) |
| 10:00 | Create | Villager (Male) |
| 10:06 | Build | Mining Camp |
| 10:53 | Build | House |
| 11:15 | Age | Feudal Age |
| 11:29 | Build | Archery Range |
| 11:37 | Build | Blacksmith |
| 11:43 | Create | Villager (Male) |
| 11:44 | Create | Villager (Male) |
| 12:10 | Create | Villager (Male) |
| 12:23 | Build | Farm |
| 12:26 | Build | Farm |
| 12:32 | Create | Archer |
| 12:33 | Create | Archer |
| 13:07 | Create | Villager (Male) |
| 13:07 | Create | Villager (Male) |
| 13:15 | Create | Archer |
| 13:27 | Build | Farm |
| 13:27 | Build | Farm |
| 13:27 | Build | Farm |
| 13:28 | Build | Farm |
| 13:29 | Research | Double-Bit Axe |
| 13:33 | Research | Horse Collar |
| 13:46 | Build | Farm |
| 13:48 | Create | Archer |
| 14:05 | Build | Mining Camp |
| 14:11 | Create | Archer |
| 14:15 | Create | Villager (Male) |
| 14:16 | Create | Villager (Male) |
| 14:19 | Research | Wheelbarrow |
| 14:20 | Create | Villager (Male) |
| 14:23 | Create | Archer |
| 14:40 | Build | Farm |
| 14:40 | Build | Farm |
| 14:46 | Create | Archer |
| 14:50 | Research | Fletching |
| 15:19 | Build | Archery Range |
| 15:22 | Build | House |
| 15:34 | Research | Padded Archer Armor |
| 15:36 | Create | Villager (Male) |
| 15:47 | Build | Farm |
Build order — Fotzi der Klumpen
71 actions detected in the replay
| 0:01 | Create | Villager (Male) |
| 0:01 | Create | Villager (Male) |
| 0:02 | Create | Villager (Male) |
| 0:03 | Build | House |
| 0:05 | Build | House |
| 0:55 | Create | Villager (Male) |
| 0:56 | Create | Villager (Male) |
| 0:58 | Create | Villager (Male) |
| 1:32 | Create | Villager (Male) |
| 1:48 | Build | Lumber Camp |
| 2:23 | Create | Villager (Male) |
| 2:25 | Create | Villager (Male) |
| 3:13 | Create | Villager (Male) |
| 3:39 | Create | Villager (Male) |
| 3:55 | Build | House |
| 4:30 | Create | Villager (Male) |
| 4:30 | Create | Villager (Male) |
| 4:31 | Create | Villager (Male) |
| 4:38 | Build | Mill |
| 4:45 | Create | Villager (Male) |
| 5:42 | Create | Villager (Male) |
| 5:47 | Research | Loom |
| 5:51 | Build | House |
| 6:01 | Build | Mining Camp |
| 6:25 | Create | Villager (Male) |
| 6:36 | Create | Villager (Male) |
| 7:35 | Create | Villager (Male) |
| 7:44 | Research | Feudal Age |
| 8:17 | Build | Barracks |
| 8:25 | Build | House |
| 9:15 | Create | Militia |
| 9:16 | Create | Militia |
| 9:16 | Create | Militia |
| 9:17 | Create | Militia |
| 9:54 | Age | Feudal Age |
| 10:00 | Create | Villager (Male) |
| 10:00 | Create | Villager (Male) |
| 10:02 | Create | Villager (Male) |
| 10:02 | Create | Villager (Male) |
| 10:10 | Research | Man-at-Arms (upgrade) |
| 10:18 | Research | Double-Bit Axe |
| 10:28 | Create | Villager (Male) |
| 11:01 | Build | Farm |
| 11:05 | Build | Farm |
| 11:09 | Build | Farm |
| 11:13 | Build | House |
| 11:20 | Build | House |
| 11:22 | Build | House |
| 11:44 | Create | Villager (Male) |
| 11:45 | Create | Villager (Male) |
| 11:54 | Create | Spearman |
| 11:54 | Create | Spearman |
| 12:05 | Create | Villager (Male) |
| 12:10 | Build | Farm |
| 12:13 | Research | Horse Collar |
| 12:25 | Create | Villager (Male) |
| 12:40 | Build | Farm |
| 13:05 | Build | Farm |
| 13:05 | Build | Farm |
| 13:06 | Build | Farm |
| 13:06 | Build | Farm |
| 13:06 | Build | Farm |
| 13:41 | Build | Mining Camp |
| 14:02 | Research | Arson |
| 14:10 | Build | House |
| 14:11 | Build | House |
| 14:15 | Create | Villager (Male) |
| 14:16 | Create | Villager (Male) |
| 14:17 | Create | Villager (Male) |
| 15:04 | Build | Farm |
| 15:13 | Build | Farm |
Build order — Ma-GwaH
57 actions detected in the replay
| 0:03 | Build | House |
| 0:08 | Build | House |
| 0:13 | Create | Villager (Male) |
| 0:13 | Create | Villager (Male) |
| 0:13 | Create | Villager (Male) |
| 0:13 | Create | Villager (Male) |
| 1:42 | Create | Villager (Male) |
| 2:15 | Create | Villager (Male) |
| 2:48 | Create | Villager (Male) |
| 2:48 | Create | Villager (Male) |
| 4:49 | Create | Villager (Male) |
| 4:49 | Create | Villager (Male) |
| 4:50 | Create | Villager (Male) |
| 4:50 | Create | Villager (Male) |
| 4:50 | Create | Villager (Male) |
| 5:34 | Build | Mill |
| 5:51 | Build | Lumber Camp |
| 6:10 | Build | House |
| 6:28 | Create | Villager (Male) |
| 6:29 | Create | Villager (Male) |
| 6:29 | Create | Villager (Male) |
| 6:54 | Build | House |
| 6:55 | Build | House |
| 6:56 | Build | House |
| 7:06 | Create | Villager (Male) |
| 7:06 | Create | Villager (Male) |
| 7:45 | Build | House |
| 7:52 | Build | House |
| 8:19 | Research | Feudal Age |
| 9:18 | Build | Barracks |
| 9:46 | Research | Feudal Age |
| 9:51 | Create | Villager (Male) |
| 9:52 | Create | Villager (Male) |
| 9:52 | Create | Villager (Male) |
| 9:52 | Create | Villager (Male) |
| 9:54 | Create | Villager (Male) |
| 10:16 | Build | Farm |
| 10:16 | Build | Farm |
| 10:16 | Build | Farm |
| 10:17 | Build | Farm |
| 10:17 | Build | Farm |
| 10:17 | Build | Farm |
| 10:17 | Build | Farm |
| 10:50 | Build | Mining Camp |
| 10:58 | Build | Palisade Wall |
| 11:13 | Build | Palisade Wall |
| 11:56 | Age | Feudal Age |
| 12:03 | Research | Horse Collar |
| 12:07 | Research | Double-Bit Axe |
| 12:27 | Create | Spearman |
| 12:28 | Create | Spearman |
| 13:56 | Build | Lumber Camp |
| 14:15 | Build | Archery Range |
| 14:54 | Build | Watch Tower |
| 15:21 | Create | Archer |
| 15:21 | Create | Archer |
| 15:21 | Create | Archer |
Match timeline
| 8:17 | Fotzi der Klumpen · first_building Barracks |
| 8:53 | Stepanek90 · wall_segment Palisade Wall x1 |
| 8:55 | Deano · first_building Barracks |
| 9:00 | Stepanek90 · wall_segment Palisade Wall x2 |
| 9:08 | Stepanek90 · wall_segment Palisade Wall x11 |
| 9:13 | Stepanek90 · wall_segment Palisade Wall x8 |
| 9:18 | Ma-GwaH · first_building Barracks |
| 9:45 | Deano · wall_segment Palisade Wall x1 |
| 9:49 | Stepanek90 · wall_segment Palisade Wall x10 |
| 9:54 | Fotzi der Klumpen · age_up feudal |
| 9:55 | Stepanek90 · age_up feudal |
| 10:30 | Stepanek90 · first_building Barracks |
| 10:58 | Ma-GwaH · wall_segment Palisade Wall x1 |
| 11:13 | Ma-GwaH · wall_segment Palisade Wall x1 |
| 11:15 | Stepanek90 · wall_segment Palisade Wall x1 |
| 11:15 | Deano · age_up feudal |
| 11:16 | Stepanek90 · wall_segment Palisade Wall x1 |
| 11:29 | Deano · first_building Archery Range |
| 11:56 | Ma-GwaH · age_up feudal |
| 12:00 | Stepanek90 · first_building Stable |
| 14:15 | Ma-GwaH · first_building Archery Range |
| 15:48 | Stepanek90 · resign |
[ AI ANALYSIS · 1 CREDIT ]
What really happened in this match?
Wolo.gg analyzes every decision: build order, eco, micro, common mistakes by bracket. Personalized analysis on WhatsApp or Discord in 30 seconds.
Civ guide
Magyars
Perfil
Jugador #18633307